 Dungeon Crawl Stone Soup version 0.25-a0-1036-g6f112fb28d (webtiles) character file.

Game seed: 16351384992939704246, levelgen mode: deterministic

1035 Maedhros the Insei (level 8, -3/50 HPs)
             Began as an Octopode Artificer on May 13, 2020.
             Was a Priest of Cheibriados.
             Slain by a water moccasin (9 damage)
             ... on level 7 of the Dungeon.
             The game lasted 00:10:13 (1960 turns).

Maedhros the Insei (Octopode Artificer)             Turns: 1960, Time: 00:10:13

Health: -3/50      AC:  2    Str: 17    XL:     8   Next: 24%
Magic:  10/10      EV: 15    Int: 20    God:    Cheibriados [***...]
Gold:   128        SH:  0    Dex: 20    Spells: 2/7 levels left

rFire    + + .     SeeInvis .     - Unarmed
rCold    . . .     Gourm    +   (no shield)
rNeg     . . .     Faith    .   (helmet restricted)
rPois    +         Spirit   .   w - amulet of the gourmand
rElec    +         Reflect  .   j - ring of poison resistance
rCorr    +         Harm     .   u - ring of fire
MR       .....     Clarity  +   (no ring)
Stlth    ++++......             (no ring)
HPRegen  0.16/turn              (no ring)
MPRegen  0.12/turn              (no ring)
                                (no ring)
                                (no ring)

@: lethally poisoned (-3 -> -15), resistant, very slow
A: almost no armour, stealthy swim, amphibious, 8 rings, constrict 8, camouflage
1, clarity, shaggy fur 1, gelatinous body 1
a: Bend Time, Temporal Distortion, Renounce Religion


You were on level 7 of the Dungeon.
You worshipped Cheibriados.
Cheibriados was most pleased with you.
You were not hungry.

You visited 1 branch of the dungeon, and saw 7 of its levels.

You collected 128 gold pieces.

Inventory:

Hand Weapons
 a - a +0 short sword
 n - a +0 hunting sling
Missiles
 o - 95 stones
 r - 18 poisoned darts (quivered)
Magical Staves
 p - an uncursed staff of wizardry {unknown}
Jewellery
 j - a ring of poison resistance (left tentacle)
 u - a ring of fire (right tentacle)
 w - an amulet of the gourmand (around mantle)
Wands
 b - a wand of flame (4)
 d - a wand of random effects (8)
 q - a wand of polymorph (6)
Scrolls
 e - 3 scrolls of teleportation {unknown}
 g - 2 scrolls of random uselessness {unknown}
 h - 3 scrolls of magic mapping {unknown}
 i - a scroll of amnesia {unknown}
 m - 2 scrolls of blinking {unknown}
 s - 2 scrolls of remove curse {unknown}
 t - 3 scrolls of enchant armour {unknown}
 x - a scroll of immolation {unknown}
 y - a scroll of fog {unknown}
Potions
 l - a potion of flight
 v - 2 potions of degeneration
 A - a potion of resistance
 B - a potion of brilliance {unknown}
Comestibles
 f - 3 rations


   Skills:
 + Level 2.2 Fighting
 - Level 1.0 Short Blades
 + Level 3.0 Dodging
 - Level 4.0 Stealth
 * Level 7.0 Unarmed Combat
 + Level 1.9 Conjurations
 + Level 1.8 Summonings
 + Level 1.8 Air Magic
 + Level 2.1 Poison Magic
 - Level 3.2 Evocations


You had 2 spell levels left.
You knew the following spells:

 Your Spells              Type           Power        Failure   Level  Hunger
a - Call Imp              Summ           #.......     14%         2    ###....
b - Mephitic Cloud        Conj/Pois/Air  #.......     26%         3    ####...

Your spell library contained the following spells:

 Spells                   Type           Power        Failure   Level  Hunger
 Magic Dart               Conj           #...         9%          1    ##.....
 Blink                    Tloc           N/A          28%         2    ###....
 Slow                     Hex            #.......     28%         2    ###....
 Conjure Flame            Conj/Fire      #.......     36%         3    ####...


Dungeon Overview and Level Annotations

Branches:
Dungeon (7/15)
 Temple: D:4-7

Altars:
Ashenzari
Cheibriados
Hepliaklqana
Nemelex Xobeh
Okawaru
Qazlal
Trog
Wu Jian
Zin

Annotations:
D:7 1 transporter


Innate Abilities, Weirdness & Mutations

You cannot wear most types of armour.
You are very stealthy in the water. (Stealth+)
You are amphibious.
You can wear up to eight rings at the same time.
You can use your tentacles to constrict eight enemies at once.
Your skin changes colour to match your surroundings (Stealth+).
Your rubbery body absorbs attacks. (AC +1, EV +1)
You possess an exceptional clarity of mind.
You are covered in fur. (AC +1)


Message History

* * * LOW HITPOINT WARNING * * *
The gnoll sergeant zombie closely misses you.
You bludgeon the orc warrior zombie! You grab the orc warrior zombie.
You squeeze the orc warrior zombie!
The orc warrior zombie is severely damaged.
You constrict the orc warrior zombie.
The water moccasin completely misses you.
The orc warrior zombie completely misses you.
The gnoll sergeant zombie misses you.
You bludgeon the orc warrior zombie!
You destroy the orc warrior zombie!
Cheibriados appreciates the change of pace.
The water moccasin bites you.
* * * LOW HITPOINT WARNING * * *
You are lethally poisoned!
The water moccasin poisons you!
You feel protected.
* * * LOW HITPOINT WARNING * * *
You feel sick. The water moccasin bites you!
You die...

##.©.## ###########
#°○○)©/°°☼###
#°☼°[%$☼○°#.#
#☼.°°☼○○°°#.#
#○☼○°○°°○○#.#
#°○○○°Z☼○.#.#
###S☼°####.#
#○○.@.°○##.###
#°°#.#☼☼#....#
#°°...○.##.#.#
#○☼#©#○○##.#.#
#°○°○☼°○##.#.#
#°°°☼○○☼#....########
#########..........>.
#.©..#.....#######.
#....#.#....# #.


You could see a water moccasin (very poisoned) and a gnoll sergeant zombie.

Vanquished Creatures
  Menkaure (D:7)
  2 water moccasins (D:7)
  An ogre (D:6)
  A bullfrog (D:4)
  2 scorpions (D:5)
  2 crimson imps
  An orc priest (D:4)
  A centaur skeleton (D:4)
  2 iguanas
  An orc wizard (D:3)
  2 worker ants
  An ogre zombie (D:7)
  A hound skeleton (D:5)
  A worker ant zombie (D:7)
  5 gnolls
  4 adders
  An orc zombie (D:7)
  An ooze (D:1)
  An adder skeleton (D:6)
  2 worms
  3 dart slugs
  3 leopard geckos
  17 orcs
  4 bats
  3 giant cockroaches
  8 hobgoblins
  4 kobolds
  2 quokkas
  2 frilled lizards
  6 goblins
  5 rats
90 creatures vanquished.

Vanquished Creatures (collateral kills)
  3 gnolls
  An adder (D:3)
  An ooze (D:2)
  A leopard gecko (D:3)
  2 orcs (D:4)
  A hobgoblin (D:2)
  A bat (D:3)
  2 rats
12 creatures vanquished.

Vanquished Creatures (others)
  A water moccasin (D:7)
  A hound (D:3)
  A gnoll (D:3)
  An adder (D:3)
4 creatures vanquished.

Grand Total: 106 creatures vanquished

Notes
Turn   | Place    | Note
-------+----------+-------------------------------------------
     0 | D:1      | Maedhros the Octopode Artificer began the quest for the
                  | Orb.
     0 | D:1      | Reached XP level 1. HP: 13/13 MP: 3/3
    96 | D:1      | Reached XP level 2. HP: 9/18 MP: 4/4
   227 | D:3      | Reached XP level 3. HP: 8/23 MP: 5/5
   297 | D:4      | Reached skill level 1 in Unarmed Combat
   323 | D:4      | Reached skill level 2 in Unarmed Combat
   356 | D:4      | Reached XP level 4. HP: 28/28 MP: 6/6
   404 | D:4      | Found a hazy altar of Hepliaklqana.
   406 | D:4      | Found a glowing silver altar of Zin.
   408 | D:4      | Found a sparkling altar of Nemelex Xobeh.
   408 | D:4      | Found a bloodstained altar of Trog.
   408 | D:4      | Found a stormy altar of Qazlal.
   409 | D:4      | Found a shattered altar of Ashenzari.
   409 | D:4      | Found a snail-covered altar of Cheibriados.
   420 | D:4      | Became a worshipper of Cheibriados the Contemplative
   435 | D:3      | Reached skill level 3 in Unarmed Combat
   445 | D:3      | Found an iron altar of Okawaru.
   692 | D:2      | Reached XP level 5. HP: 33/33 MP: 7/7
   723 | D:2      | Reached * piety under Cheibriados
   816 | D:2      | Found an ornate altar of the Wu Jian Council.
   913 | D:3      | Reached skill level 4 in Unarmed Combat
  1083 | D:3      | Reached ** piety under Cheibriados
  1122 | D:3      | HP: 1/33 [gnoll/+0 spear (6)]
  1226 | D:3      | Reached XP level 6. HP: 11/38 MP: 8/8
  1324 | D:4      | Gained mutation: Your flesh is heat resistant. (rF+)
                  | [potion of mutation]
  1324 | D:4      | Lost mutation: Your flesh is heat resistant. (rF+) [potion
                  | of mutation]
  1324 | D:4      | Gained mutation: You possess an exceptional clarity of
                  | mind. [potion of mutation]
  1324 | D:4      | Gained mutation: You are covered in fur. (AC +1) [potion of
                  | mutation]
  1324 | D:4      | Reached skill level 5 in Unarmed Combat
  1466 | D:5      | Entered Level 5 of the Dungeon
  1498 | D:5      | Reached skill level 6 in Unarmed Combat
  1535 | D:5      | Learned a level 2 spell: Call Imp
  1539 | D:5      | Learned a level 3 spell: Mephitic Cloud
  1676 | D:5      | Reached XP level 7. HP: 37/43 MP: 9/9
  1823 | D:6      | Reached skill level 1 in Conjurations
  1823 | D:6      | Reached skill level 1 in Air Magic
  1823 | D:6      | Reached skill level 1 in Poison Magic
  1850 | D:7      | Reached skill level 1 in Summonings
  1901 | D:7      | Noticed Menkaure
  1909 | D:7      | Killed Menkaure
  1930 | D:7      | Found a transporter.
  1933 | D:7      | Reached XP level 8. HP: 34/50 MP: 10/10
  1943 | D:7      | Found a transporter.
  1954 | D:7      | Reached *** piety under Cheibriados
  1957 | D:7      | Reached skill level 7 in Unarmed Combat
  1960 | D:7      | Slain by a water moccasin

Illustrated notes

Levels and vault maps discovered:
D:1:      dpeg_arrival_prison, layout_basic, minmay_octomino_e4
D:2:      kennysheep_the_goblin_king, layout_basic, old_standard_altar
D:3:      layout_basic, old_standard_altar, first_ration, hex_medium
D:4:      layout_gridville, grunt_temple_overflow_open
D:5:      layout_basic
D:6:      layout_basic, marbit_many_paths, ebering_ghost_disaster_area
D:7:      gammafunk_cloud_chamber, layout_loops_ring,
          minmay_temple_entry_metal_lava, st_stairs_8, uniq_harold,
          uniq_menkaure

Skill      XL: |  1  2  3  4  5  6  7  8 |
---------------+-------------------------+-----
Stealth        | 2 4 |  4.0
Unarmed Combat | 2 3 4 6 7 |  7.0
Conjurations   | 1 |  1.9
Air Magic      | 1 |  1.8
Poison Magic   | 2 |  2.1
Summonings     | 1 |  1.8
Fighting       | 2 |  2.2
Dodging        | 3 |  3.0
Short Blades   | |  1.0
Evocations     | |  3.2

Action                   |  1- 3 |  4- 6 |  7- 9 || total
-------------------------+-------+-------+-------++-------
Melee: Short sword       |    18 |    94 |       ||   112
       Constrict         |     7 |    31 |    12 ||    50
       Tentacles         |     5 |    22 |    12 ||    39
       Punch             |       |     9 |     3 ||    12
       Unarmed           |       |    18 |    34 ||    52
Throw: Dart              |     1 |       |       ||     1
Evoke: Wand              |    17 |    18 |     3 ||    38
  Use: Potion            |     1 |     5 |     3 ||     9
       Scroll            |       |     4 |       ||     4
 Stab: Sleeping          |     1 |    17 |     8 ||    26
       Distracted        |       |     1 |       ||     1
  Eat: Chunk             |       |     3 |       ||     3
Armor: Skin              |       |     7 |       ||     7
Dodge: Dodged            |     5 |    94 |    23 ||   122

Table legend:
 A = Non-vault XP
 B = Vault XP
 C = Vault XP percentage of total XP
 D = Non-vault monster count
 E = Vault monster count
 F = Vault count percentage of total count
                 A         B        C        D         E       F
            +---------+---------+-------+---------+---------+-------
      Total |    1134 |     345 |  23.3 |      98 |       4 |   3.9
            +---------+---------+-------+---------+---------+-------
        D:1 |      32 |       0 |   0.0 |      16 |       0 |   0.0
        D:2 |      66 |       0 |   0.0 |      19 |       0 |   0.0
        D:3 |     137 |       0 |   0.0 |      26 |       0 |   0.0
        D:4 |     281 |       0 |   0.0 |      20 |       0 |   0.0
        D:5 |     254 |       0 |   0.0 |       8 |       0 |   0.0
        D:6 |     182 |       0 |   0.0 |       6 |       0 |   0.0
        D:7 |     182 |     345 |  65.5 |       3 |       4 |  57.1
            +---------+---------+-------+---------+---------+-------
